 Dungeon Crawl Stone Soup version 0.28.0-53-g5a82cb258f (webtiles) character file.

Game seed: 3219128242583019789

13186 MiltankisOP the Transmogrifier (level 11, 0/80 HPs)
             Began as a Green Draconian Transmuter on June 13, 2022.
             Was a High Priest of Hepliaklqana.
             Killed from afar by a rime drake (18 damage)
             ... with a flash freeze
             ... on level 1 of the Lair of Beasts.
             The game lasted 00:49:39 (17586 turns).

MiltankisOP the Transmogrifier (DrTm)              Turns: 17586, Time: 00:49:40

Health: 0/80       AC:  2    Str: 14    XL:     11   Next: 72%
Magic:  12/17      EV: 23    Int: 17    God:    Hepliaklqana [*****.]
Gold:   903        SH:  5    Dex: 16    Spells: 11/17 levels left

rFire   . . .      SeeInvis +     - Unarmed
rCold   + . .      Faith    .   (shield currently unavailable)
rNeg    . . .      Spirit   .   (armour unavailable)
rPois   x          Reflect  +   (helmet currently unavailable)
rElec   .          Harm     .   (cloak currently unavailable)
rCorr   .          Rampage  .   (gloves currently unavailable)
Will    .....                   (boots currently unavailable)
Stlth   +.........              y - amulet of reflection
HPRegen 0.23/turn               k - ring of protection from cold
MPRegen 0.15/turn               b - ring of see invisible

@: spider-form, wereblooded
A: venomous fangs, reduced essence, (breathe noxious fumes), AC +7, tiny,
unfitting armour, (poison resistance), (cold-blooded)
a: End Transformation, Renounce Religion, Recall Ancestor, Ancestor Identity,
Transference, Idealise


You were on level 1 of the Lair of Beasts.
You worshipped Hepliaklqana.
Hepliaklqana was extremely pleased with you.
You were a venomous arachnid creature.
You visited 2 branches of the dungeon, and saw 12 of its levels.
You also visited: Ossuary and Bailey.

You collected 903 gold pieces.

Inventory:

Armour
 C - a scarf of resistance (melded)
Jewellery
 b - a ring of see invisible (right front leg)
 k - a ring of protection from cold (left front leg)
 p - an amulet of magic regeneration
 q - a ring of protection from fire
 w - a +6 ring of dexterity
 y - an amulet of reflection (around neck)
 E - a ring of fire
Wands
 n - a wand of mindburst (20)
 J - a wand of acid (6)
Scrolls
 a - 3 scrolls of magic mapping
 c - a scroll of immolation
 e - 5 scrolls of noise
 g - 2 scrolls of enchant armour
 h - 5 scrolls of teleportation
 j - a scroll of vulnerability
 m - 5 scrolls of amnesia
 o - 3 scrolls of fog {unknown}
 x - a scroll of summoning {unknown}
 z - a scroll of brand weapon {unknown}
 B - a scroll of fear {unknown}
 D - 3 scrolls of enchant weapon
 G - 2 scrolls of blinking {unknown}
Potions
 d - 5 potions of curing
 f - 2 potions of haste
 i - 4 potions of brilliance
 l - 7 potions of heal wounds
 r - 2 potions of lignification
 s - a potion of invisibility {unknown}
 t - a potion of flight {unknown}
 u - 2 potions of attraction
 v - a potion of magic {unknown}
 A - a potion of mutation {unknown}
 F - 2 potions of might {unknown}
 I - a potion of ambrosia {unknown}


   Skills:
 - Level 6.0 Fighting
 - Level 6.0 Dodging
 - Level 6.0 Unarmed Combat
 + Level 3.8 Spellcasting
 * Level 13.5 Transmutations
 - Level 3.0 Poison Magic
 - Level 9.0 Invocations


You had 11 spell levels left.
You knew the following spells:

 Your Spells              Type           Power      Damage    Failure   Level
a - Beastly Appendage     Tmut           98%        N/A       1%          1
b - Wereblood             Tmut           49%        N/A       1%          2
c - Spider Form           Tmut/Pois      31%        N/A       7%          3

Your spell library contained the following spells:

 Spells                   Type           Power      Damage    Failure   Level
 Passwall                 Tmut/Erth      21%        N/A       7%          2
 Ice Form                 Ice/Tmut       26%        N/A       24%         4
 Sandblast                Erth           6%         2d5       34%         1
 Stone Arrow              Conj/Erth      6%         3d7       65%         3
 Dragon Form              Tmut           24%        N/A       69%         7
 Cause Fear               Hex            1%         N/A       95%         4
 Fireball                 Conj/Fire      1%         3d3       100%        5
 Iskenderun's Battlesphe  Conj           3%         2d6       100%        5
 Conjure Ball Lightning   Conj/Air       1%         3x3d6     100%        6
 Orb of Destruction       Conj           1%         9d5       100%        7
 Dragon's Call            Summ           1%         N/A       100%        9


Dungeon Overview and Level Annotations

Branches:
Dungeon (11/15)            Temple (0/1) D:5            Lair (1/6) D:11
    Orc (0/2) D:11        Ossuary (visited)          Bailey (visited)

Altars:
Cheibriados
Hepliaklqana
Makhleb
Vehumet
Wu Jian

Shops:
D:9 (

Annotations:
D:3 2 transporters, DemonSlayer's ghost, weakling DsSu
Lair:1 1 runed translucent door, Jackthecabe's ghost, journeyman GnWn


Innate Abilities, Weirdness & Mutations

You are a venomous arachnid creature.
You have poisonous fangs.
You are tiny and dextrous.
Your spellcasting is less reliable in this form.
Your armour is entirely melded.
You are incapable of wielding weapons or throwing items.
Your life essence is reduced to manifest your ancestor. (-10% HP)
((You can breathe blasts of noxious fumes.))
((Your lurid green scales are hard. (AC +7)))
You cannot fit into any form of body armour.
((Your system is resistant to poisons. (rPois)))
((You are cold-blooded and may be slowed by cold attacks.))


Message History

The rime drake bites Libusa.
Libusa hits the rime drake with a +0 dagger of draining!
The rime drake breathes ice at you.
The flash freeze hits Libusa!
Libusa partially resists.
Libusa is destroyed!
The rime drake breathes ice at you. The flash freeze hits you!
You partially resist.
* * * LOW HITPOINT WARNING * * *
You are encased in ice.
You feel much better.
Casting: Wereblood (safe; 1% risk of failure)
Confirm with . or Enter, or press ? or * to list all spells.
Your blood is freshly infused with primal strength!
The ice encasing you melts away. The rime drake bites you.
* * * LOW HITPOINT WARNING * * *
You hit the rime drake but do no damage.
Your tail-slap misses the rime drake.
The rime drake is heavily wounded.
The rime drake barely misses you.
Casting: Wereblood (safe; 1% risk of failure)
Confirm with . or Enter, or press ? or * to list all spells.
You turn into a venomous arachnid creature.
Your scarf of resistance melds into your body.
You feel hot and cold all over. The rime drake bites you.
* * * LOW HITPOINT WARNING * * *
You block the rime drake's attack.
You hit the rime drake.
The rime drake is heavily wounded.
The rime drake completely misses you.
You hit the rime drake.
The rime drake is poisoned.
The rime drake is severely wounded.
The rime drake closely misses you.
You hit the rime drake.
The rime drake looks as sick as possible!
The rime drake is almost dead.
The rime drake breathes ice at you. The flash freeze hits you!!
You partially resist.
You die...

####### ### ######
#.#.#.#######.# ### §§#..###
..............# #.# §S+.....
........≈§§§§.# #.# §W#.....
........≈≈§§§§### #.#####.....
........≈###§...######...........
........≈###≈...sk...........÷...
........≈#≈#≈................÷...
........≈§≈≈≈.###...##...........
#....##.......# ##.###...........
....#.#.....#..# #.# #...........
.................... #...........
.............####..#......k......
............## ##...............
............# #...............


You could see a rime drake (extremely poisoned, catching breath).

Vanquished Creatures
  A two-headed ogre (D:11)
  Pikel (D:9)
  2 cane toads (Lair:1)
  A rime drake (Lair:1)
  A komodo dragon (D:11)
  2 trolls
  2 hornets
  2 wyverns
  9 yaks (D:10)
  A vampire (D:10)
  A basilisk (D:11)
  2 steam dragons
  2 wargs (D:11)
  An acid dragon (D:9)
  3 water moccasins
  5 orc warriors
  A sky beast (D:6)
  A black bear (D:7)
  A necrophage (D:7)
  4 ogres
  3 centaurs
  2 kobold brigands
  4 bullfrogs
  10 scorpions
  8 killer bees
  5 wights (D:6)
  2 howler monkeys
  4 centaur zombies
  2 bullfrog zombies (D:6)
  2 human zombies (Ossuary)
  A hound (D:4)
  A bullfrog skeleton (D:6)
  8 orc priests
  2 jellies (D:6)
  Terence (D:2)
  A hexer (D:7)
  6 iguanas
  4 scorpion zombies (Ossuary)
  14 orc wizards
  A killer bee zombie (D:6)
  A hound skeleton (D:5)
  2 mummies (Ossuary)
  2 howler monkey zombies
  4 gnolls
  7 adders
  An adder skeleton (D:4)
  2 worms
  4 dart slugs
  38 orcs
  11 bats
  5 endoplasms
  A giant cockroach (D:1)
  6 gnoll zombies (Ossuary)
  15 goblins
  8 hobgoblins
  3 jackals (D:1)
  7 kobolds
  2 quokkas
  6 ball pythons
  2 frilled lizards (D:1)
  2 goblin zombies (Ossuary)
  3 orc zombies (Ossuary)
  5 rats
261 creatures vanquished.

Vanquished Creatures (collateral kills)
  A black mamba (Lair:1)
  A gargoyle (D:10)
  Psyche (D:9)
  A water moccasin (Lair:1)
  An ice beast (D:5)
  A necrophage (D:5)
  A bullfrog (Lair:1)
  6 scorpions
  4 killer bees
  A wight (D:7)
  A howler monkey (D:6)
  2 centaur zombies
  A jelly (D:5)
  A gnoll shaman (D:8)
  An orc priest (D:10)
  3 orc wizards
  Natasha (D:2)
  A mummy (Ossuary)
  4 gnolls
  4 adders
  A worm (D:2)
  6 orcs
  7 bats
  2 endoplasms
  A giant cockroach (D:1)
  2 gnoll zombies (Ossuary)
  2 quokkas
  5 goblins
  5 kobolds
  A rat (D:3)
69 creatures vanquished.

Vanquished Creatures (others)
  8 hexers
  An orc (D:5)
  26 fungi
  2 plants (Lair:1)
37 creatures vanquished.

Grand Total: 367 creatures vanquished

Notes
Turn   | Place    | Note
-------+----------+-------------------------------------------
     0 | D:1      | MiltankisOP the Draconian Transmuter began the quest for
                  | the Orb.
     0 | D:1      | Reached XP level 1. HP: 16/16 MP: 3/3
   252 | D:1      | Reached XP level 2. HP: 23/23 MP: 3/5
   296 | D:1      | Found a faded altar of an unknown god.
   301 | D:1      | Prayed at the altar of an unknown god.
   301 | D:1      | Became a worshipper of Hepliaklqana the Forgotten
   301 | D:1      | Reached * piety under Hepliaklqana
   895 | D:1      | Reached skill level 3 in Transmutations
  1007 | D:1      | Reached XP level 3. HP: 22/25 MP: 4/6
  1357 | D:2      | Reached ** piety under Hepliaklqana
  1363 | D:2      | Remembered your ancestor Libusa as a hexer
  1756 | D:2      | Noticed Natasha
  1757 | D:2      | Noticed Terence
  1761 | D:2      | Killed Natasha
  1762 | D:2      | Reached skill level 4 in Transmutations
  1762 | D:2      | Reached XP level 4. HP: 26/31 MP: 5/7
  1772 | D:2      | Killed Terence
  2201 | D:3      | Learned a level 2 spell: Wereblood
  2303 | D:3      | Reached skill level 5 in Transmutations
  2303 | D:3      | Reached XP level 5. HP: 26/36 MP: 6/8
  2462 | D:3      | Found a transporter.
  2467 | D:3      | Found a transporter.
  2469 | D:3      | Noticed DemonSlayer's ghost (weakling DsSu)
  3308 | D:4      | Reached *** piety under Hepliaklqana
  3366 | D:4      | Reached skill level 6 in Transmutations
  3366 | D:4      | Reached XP level 6. HP: 33/42 MP: 9/9
  3529 | D:4      | Found a sand-covered staircase.
  3534 | Ossuary  | Entered an ossuary
  3576 | Ossuary  | Reached skill level 7 in Transmutations
  3844 | Ossuary  | Your scales start taking on a lurid green colour.
  3844 | Ossuary  | Reached XP level 7. HP: 37/46 MP: 8/10
  3844 | Ossuary  | Gained mutation: Your system is resistant to poisons.
                  | (rPois) [Green Draconian growth]
  3902 | Ossuary  | Reached skill level 8 in Transmutations
  4072 | Ossuary  | Reached skill level 9 in Transmutations
  4174 | Ossuary  | Reached XP level 8. HP: 21/53 MP: 11/11
  6557 | D:5      | Entered Level 5 of the Dungeon
  6715 | D:5      | Found a staircase to the Ecumenical Temple.
  7076 | D:5      | Found a burning altar of Makhleb.
  7089 | D:5      | Reached skill level 10 in Transmutations
  7169 | D:5      | Reached **** piety under Hepliaklqana
  7276 | D:5      | Found a snail-covered altar of Cheibriados.
  7591 | D:5      | Found the +7 Singing Sword {vorpal, sonic wave}
  7962 | D:6      | Found a radiant altar of Vehumet.
  7972 | D:6      | Reached XP level 9. HP: 54/63 MP: 12/12
  7972 | D:6      | Found an ornate altar of the Wu Jian Council.
  8000 | D:5      | Reached skill level 5 in Unarmed Combat
  8845 | D:6      | Reached skill level 5 in Fighting
  9232 | D:6      | Reached skill level 5 in Dodging
  9945 | D:7      | Noticed a skeletal warrior
 10223 | D:7      | Found a flagged portal.
 10242 | Bailey   | Entered a bailey
 10310 | Bailey   | Noticed an orc knight
 10312 | Bailey   | Reached skill level 1 in Poison Magic
 10620 | D:7      | Learned a level 3 spell: Spider Form
 10988 | D:7      | Noticed an eight-headed hydra
 11034 | D:7      | Reached XP level 10. HP: 74/74 MP: 8/13
 11542 | D:7      | Reached skill level 11 in Transmutations
 12358 | D:8      | Reached ***** piety under Hepliaklqana
 13569 | D:9      | Noticed Pikel
 13625 | D:9      | Killed Pikel
 13626 | D:9      | Reached skill level 12 in Transmutations
 13832 | D:9      | Found Miunediock's Weapon Emporium.
 13924 | D:9      | Noticed Psyche
 13931 | D:9      | Killed Psyche
 14333 | D:10     | Entered Level 10 of the Dungeon
 14367 | D:10     | Reached skill level 1 in Invocations
 14574 | D:10     | Reached skill level 5 in Invocations
 14700 | D:10     | Reached XP level 11. HP: 33/80 MP: 10/15
 16123 | D:11     | Found a staircase to the Lair.
 16214 | D:11     | Noticed a two-headed ogre
 16517 | D:11     | Found a staircase to the Orcish Mines.
 16552 | D:11     | Killed a two-headed ogre
 16866 | D:11     | Reached skill level 13 in Transmutations
 16991 | Lair:1   | Entered Level 1 of the Lair of Beasts
 17137 | Lair:1   | Found a runed translucent door.
 17480 | Lair:1   | Noticed Jackthecabe's ghost (journeyman GnWn)
 17586 | Lair:1   | Killed from afar by a rime drake

Illustrated notes

Levels and vault maps discovered:
D:1:      psy_arrival_terrarium, layout_basic, basic_ecumenical_altar
D:2:      layout_basic, uniq_terence, uniq_natasha
D:3:      layout_rooms, gammafunk_ghost_stat_death, minmay_joined_circles
D:4:      layout_basic, enter_ossuary_2
D:5:      old_forge, layout_gridville, lemuel_round_altar,
          kennysheep_little_box, minmay_temple_entry_statues_pillars,
          minmay_strange_pillars, minmay_ogre_servants
D:6:      minmay_flawed_box, layout_rooms, grunt_temple_overflow_open,
          serial_aquarium, aquarium_bridge_square [aquarium_subvault_balcony,
          aquarium_subvault_bridge, aquarium_subvault_wall,
          aquarium_subvault_window], aquarium_bridge_straight
          [aquarium_subvault_bridge, aquarium_subvault_wall,
          aquarium_subvault_bridge, aquarium_subvault_wall],
          aquarium_window_corner, aquarium_window_2, aquarium_window_fake,
          aquarium_window_1, aquarium_view_2f, aquarium_balcony_1b,
          aquarium_pool_four, minmay_fountain_box
D:7:      minmay_clustersquares, layout_loops_ring, enter_bailey_5
D:8:      layout_layer_cave
D:9:      layout_stronghold, serial_shops, nicolae_square_shop,
          hangedman_abyss_or_decor_passed, uniq_psyche, uniq_pikel
D:10:     minmay_goldmine, layout_rooms
D:11:     layout_cave_pools, lair_entry_dummy, david_orc_3
Lair:1:   layout_gridlike, ebering_ghost_inner_flame, serial_bayou_lake_a,
          uniq_joseph

Skill      XL: |  1  2  3  4  5  6  7  8  9 10 11 |
---------------+----------------------------------+-----
Transmutations | 3 4 5 6 7 9 10 12 13 | 13.5
Dodging        | 3 6 |  6.0
Fighting       | 4 6 |  6.0
Unarmed Combat | 4 6 |  6.0
Poison Magic   | 3 |  3.0
Invocations    | 5 9 |  9.0
Spellcasting   | 3 |  3.8

Action                   |  1- 3 |  4- 6 |  7- 9 | 10-12 || total
-------------------------+-------+-------+-------+-------++-------
Melee: Unarmed           |    92 |   132 |   493 |   410 ||  1127
       Tailslap          |    12 |    17 |    74 |    14 ||   117
       Kick              |    14 |    44 |   133 |    40 ||   231
       Headbutt          |    10 |    31 |    73 |    18 ||   132
       Punch             |     1 |     4 |    13 |    10 ||    28
 Cast: Beastly Appendage |    22 |    19 |    54 |    12 ||   107
       Wereblood         |       |     4 |    12 |    26 ||    42
       Spider Form       |       |       |     2 |    29 ||    31
Invok: Ancestor Life: He |     1 |       |       |       ||     1
       Recall Ancestor   |       |       |     1 |       ||     1
  Use: Scroll            |       |     4 |     7 |     2 ||    13
       Potion            |       |       |     2 |     2 ||     4
 Stab: Confused          |       |     5 |     7 |    12 ||    24
       Distracted        |       |       |     3 |     4 ||     7
       Sleeping          |       |       |       |     2 ||     2
Armor: Skin              |    35 |    35 |    86 |    20 ||   176
Dodge: Dodged            |    65 |    72 |   266 |   296 ||   699
Block: Other             |       |       |    16 |    82 ||    98
       Reflection        |       |       |     1 |     3 ||     4
